 Dungeon Crawl Stone Soup version 0.17-a0-957-ga3519be (webtiles) character file.

291758 namelastname112 the Eclecticist (level 20, -9/184 HPs)
             Began as a Grey Draconian Wizard on May 6, 2015.
             Was the Champion of Vehumet.
             Shot with a poisoned bolt by a yaktaur captain (46 damage)
             ... on level 3 of the Vaults on May 7, 2015.
             The game lasted 03:39:31 (61647 turns).

namelastname112 the Eclecticist (DrWz)             Turns: 61647, Time: 03:39:32

Health: -9/184     AC: 22    Str: 15    XL:     20   Next: 31%
Magic:  31/65      EV: 15    Int: 35    God:    Vehumet [******]
Gold:   4161       SH:  8    Dex:  8    Spells: 13 memorised, 9 levels left

rFire  + . .     SeeInvis +     Z - staff of power
rCold  + . .     Clarity  .     (armour unavailable)
rNeg   . . .     SustAb   +     V - +2 buckler
rPois  .         Gourm    .     L - +3 hat of Pondering {ponderous, MR+ MP+10 Int+5}
rElec  +         Spirit   .     q - +2 cloak
rCorr  .         Warding  .     b - +0 pair of gloves
rMut   +         Stasis   .     (no boots)
MR     +++..                    m - amulet of Lemiw {rMut rElec Str+2 Dex-4 SInv}
Stlth  +.........               D - ring of Hard Scrabble {+Fly rF+ rC+ MR+}
                                y - ring of the Moon {SustAb Str+3 Int+5}

@: lethally poisoned (-9 -> -23), repel missiles, slow, extremely resistant to
hostile enchantments, very unstealthy
A: walk through water, unfitting armour, robust 1, unbreathing, cold-blooded, AC
+15
a: Renounce Religion, Evoke Flight
}: 1/15 runes: barnacled


You were on level 3 of the Vaults.
You worshipped Vehumet.
Vehumet was exalted by your worship.
You were not hungry.

You visited 7 branches of the dungeon, and saw 38 of its levels.
You also visited: Bailey and Ice Cave.

You collected 4660 gold pieces.
You spent 499 gold pieces at shops.

Inventory:

Armour
 b - a +0 pair of gloves (worn)
 q - a +2 cloak (worn)
 L - the +3 hat of Pondering (worn) {ponderous, MR+ MP+10 Int+5}
   (You took it off Gastronok on level 1 of the Lair of Beasts)

   It affects your intelligence (+5).
   It affects your resistance to hostile enchantments.
   It affects your magic capacity (+10).
 V - a +2 buckler (worn)
Magical staves
 n - an uncursed staff of wizardry
 Z - an uncursed staff of power (weapon)
Rods
 U - a +2 iron rod (16/16)
   (You found it on level 6 of the Lair of Beasts)
Jewellery
 g - an uncursed ring of protection from cold
 m - the amulet of Lemiw (around neck) {rMut rElec Str+2 Dex-4 SInv}
   (You took it off a deep elf blademaster on level 3 of the Elven Halls)

   [amulet of resist mutation]

   It protects you from mutation.
   It affects your strength (+2).
   It affects your dexterity (-4).
   It insulates you from electricity.
   It enhances your eyesight.
 y - the ring of the Moon (left hand) {SustAb Str+3 Int+5}
   (You took it off a deep elf death mage on level 3 of the Elven Halls)

   [ring of sustain abilities]

   It sustains your strength, intelligence and dexterity.
   It affects your strength (+3).
   It affects your intelligence (+5).
 D - the ring of Hard Scrabble (right hand) {+Fly rF+ rC+ MR+}
   (You took it off a deep elf conjurer on level 3 of the Elven Halls)

   [ring of protection from cold]

   It protects you from fire.
   It protects you from cold.
   It affects your resistance to hostile enchantments.
   It lets you fly.
 P - an uncursed ring of sustain abilities
 T - an uncursed ring of poison resistance
Magical devices
 f - a wand of fireball (3)
 o - a wand of disintegration (11)
 w - a wand of digging (2)
 E - a wand of teleportation (3)
 I - a wand of cold (2)
 K - a wand of fire (0)
 S - a wand of hasting (7)
 X - a wand of invisibility (4)
Scrolls
 e - 2 scrolls of enchant weapon
 h - 5 scrolls of fog
 i - 4 scrolls of identify
 l - a scroll of silence
 s - 16 scrolls of remove curse
 x - 5 scrolls of blinking
 F - 2 scrolls of enchant armour
 G - a scroll of magic mapping
 H - a scroll of fear
 J - 3 scrolls of amnesia
 R - 3 scrolls of recharging
Potions
 d - 3 potions of heal wounds
 k - a potion of cure mutation
 p - 7 potions of haste
 r - 7 potions of flight
 t - 7 potions of curing
 z - a potion of might
 A - 3 potions of ambrosia
 B - a potion of magic
 C - 2 potions of agility
 O - a potion of invisibility
 Q - 2 potions of cancellation
 Y - 5 potions of resistance
Miscellaneous
 a - a lamp of fire
 j - a disc of storms
 M - a fan of gales
 N - a box of beasts {used: 2}
 W - a sack of spiders {used: 10}
Comestibles
 c - 17 bread rations
 u - 8 meat rations
 v - 28 fruits


   Skills:
 + Level 12.2 Fighting
 + Level 11.4 Dodging
 - Level 1.7 Stealth
 + Level 12.1 Shields
 + Level 16.9 Spellcasting
 - Level 12.1 Conjurations
 - Level 10.0 Charms
   Level 1.0 Summonings
 - Level 1.0 Translocations
 - Level 13.1 Ice Magic
 - Level 13.1 Earth Magic
 - Level 12.2 Evocations


You had 9 spell levels left.
You knew the following spells:

 Your Spells              Type           Power        Failure   Level  Hunger
a - Conjure Flame         Conj/Fire      ######..     1%          3    None
b - Sandblast             Erth           ######       0%          1    None
c - Dazzling Spray        Conj/Hex       ######..     1%          3    None
d - Sticky Flame          Conj/Fire      ######..     1%          4    None
e - Blink                 Tloc           N/A          1%          2    None
f - Repel Missiles        Chrm/Air       ######       1%          2    None
g - Freezing Cloud        Conj/Ice/Air   ######....   2%          6    None
h - Ozocubu's Refrigerat  Ice            #######...   1%          6    None
i - Haste                 Chrm           #######.     3%          6    None
j - Petrify               Trmt/Erth      ######..     1%          4    None
k - Apportation           Tloc           #####.....   1%          1    None
x - Magic Dart            Conj           ####         0%          1    None
z - Iskenderun's Mystic   Conj           #######.     1%          4    None


Dungeon Overview and Level Annotations

Branches:
Dungeon (15/15)            Temple (1/1) D:6            Lair (8/8) D:8
 Shoals (4/4) Lair:6       Spider (0/4) Lair:5        Slime (0/6) Lair:6
    Orc (4/4) D:10            Elf (3/3) Orc:3        Vaults (3/5) D:13
 Depths (0/5) D:15
  Crypt: Vaults:2-3

Altars:
Ashenzari
Dithmenos
Elyvilon
Fedhas
Gozag
Kikubaaqudgha
Makhleb
Nemelex Xobeh
Okawaru
Ru
Vehumet
Xom
Yredelemnul
Zin
Beogh
Jiyva

Shops:
Orc:3 (   Orc:4 ([([   Elf:1 *   Vaults:1 [   Vaults:2 (

Annotations:
Lair:6 1 runed door
Elf:2 3 runed doors
Vaults:2 Mennas


Innate Abilities, Weirdness & Mutations

You can walk through water.
Your dull iron-grey scales are very hard (AC +15).
Your body does not fit into most forms of armour.
You can survive without breathing.
You are cold-blooded and may be slowed by cold attacks.
You are robust (+10% HP).


Message History

Aiming: Iskenderun's Mystic Blast
Press: ? - help, Shift-Dir - straight line, f - yaktaur captain
Aim: a yaktaur captain, wielding an arbalest The orb of energy hits the yaktaur captain.
The yaktaur captain is lightly wounded.
The yaktaur captain shoots a poisoned bolt.
The poisoned bolt hits you!!
* * * LOW HITPOINT WARNING * * *
You are poisoned.
Casting: Iskenderun's Mystic Blast
Confirm with . or Enter, or press ? or * to list all spells.
Aiming: Iskenderun's Mystic Blast
Press: ? - help, Shift-Dir - straight line, f/p - yaktaur captain
Aim: a yaktaur captain, wielding an arbalest (lightly wounded)
The orb of energy hits the yaktaur captain.
The yaktaur captain is lightly wounded.
You feel sick.
The yaktaur captain shoots a poisoned bolt.
The poisoned bolt hits you!!!
You die...

*######
************.....*
*,,,,,,,,,**...c,*
*,,,,,,,,,##..#,,**
*,,,,,,,,,+...#,,,*
*,,,,,,,,,#@..#,,,*
*,,,,,,,,,#...#,,,* ###
*,,,,,,,,,##..#,,** ..#
*,,,,,,,,,**....,* ..#
*,,,,,,,,,**.....*
..##########*+***######
* ..#.........,,* ****
..#.........,,* *,**
..#(........,,* *,,*


You could see a yaktaur captain.

Vanquished Creatures
  Saint Roka (Elf:3)
  Jorgrun (Shoals:3)
  A lich (Vaults:2)
  Asterion (Elf:2)
  2 deep elf blademasters (Elf:3)
  2 deep elf master archers (Elf:3)
  Polyphemus (Shoals:3)
  A sphinx (Vaults:2)
  Gastronok (Lair:1)
  2 krakens (Shoals:4)
  Frances (D:14)
  Kirke (Elf:1)
  Ilsuiw (Shoals:4)
  Wiglaf (Elf:3)
  Donald (Shoals:3)
  6 deep elf sorcerers (Elf:3)
  Aizul (Shoals:1)
  Louise (D:15)
  5 vault wardens
  2 orc warlords (Orc:4)
  The ghost of 4thArraOfDagon the Severer, a powerful HOAs of Ru (Elf:3)
  4 stone giants
  3 very ugly things (Vaults:2)
  9 ironheart preservers
  7 deep elf demonologists
  11 deep elf annihilators
  10 deep elf death magi
  A fire dragon (Vaults:1)
  Erolcha (D:10)
  10 merfolk impalers
  5 vault guards
  2 yaktaur captains
  3 merfolk javelineers
  Josephine (Lair:4)
  An ettin (Vaults:2)
  Fannar (Lair:1)
  A rakshasa (D:15)
  3 ice dragons (Vaults:2)
  6 hydras
  6 centaur warriors
  7 merfolk avatars
  2 alligator snapping turtles (Shoals:1)
  4 catoblepae
  2 dancing weapons (Elf:2)
  4 merfolk aquamancers (Shoals:4)
  11 death yaks
  A satyr (Shoals:2)
  An ogre mage (Vaults:2)
  3 deep troll shamans
  A queen ant (Lair:5)
  2 deep troll earth magi (Vaults:2)
  3 orc high priests
  Sonja (D:12)
  A small abomination (Elf:1)
  12 deep elf knights
  4 skeletal warriors (Vaults:2)
  2 shadow wraiths (Vaults:2)
  4 wizards
  2 fire crabs
  A flayed ghost (Vaults:2)
  14 deep elf summoners
  8 deep trolls
  12 sea snakes
  10 ironbrand convokers
  2 ice statues (IceCv)
  23 harpies
  6 hill giants
  2 unseen horrors
  2 wolf spiders
  A wolf spider zombie (D:15)
  34 ugly things
  A necromancer (D:13)
  14 deep elf conjurers
  11 griffons
  2 hornets
  13 orc knights
  6 orc sorcerers
  13 manticores
  7 water nymphs
  15 cyclopes
  8 elephants
  A moth of wrath (shapeshifter) (D:15)
  A drowned soul (Shoals:1)
  10 fauns
  9 sirens
  A centaur zombie (D:11)
  7 vault sentinels
  4 black mambas
  4 gargoyles
  9 spiny frogs
  An octopode (shapeshifter) (Vaults:2)
  2 orange demons
  2 fire drakes
  10 yaktaurs
  11 trolls
  2 kobold demonologists
  9 komodo dragons
  A queen bee (D:12)
  14 deep elf priests
  A jumping spider (Vaults:2)
  4 wind drakes
  2 freezing wraiths
  A wind drake (shapeshifter) (Elf:2)
  The ghost of ImmaFairy the Skirmisher, an average FoFi (D:4)
  41 merfolk
  2 polar bears
  11 slime creatures
  2 boulder beetles (Vaults:1)
  34 blink frogs
  A raven (shapeshifter) (D:14)
  3 two-headed ogres
  A hornet zombie (D:15)
  14 snapping turtles
  A wolf spider simulacrum (D:15)
  A stone giant simulacrum (Vaults:2)
  A redback (Vaults:2)
  5 trapdoor spiders
  32 deep elf magi
  A spriggan (D:10)
  A tarantella (shapeshifter) (D:13)
  A centaur simulacrum (D:14)
  A ynoxinul (Elf:2)
  19 humans
  4 wraiths
  3 wyverns
  4 basilisks
  A trapdoor spider (shapeshifter) (Vaults:2)
  2 shadows
  17 water elementals
  41 yaks
  6 wolves (Lair:8)
  31 deep elf fighters
  3 chaos spawn
  16 hippogriffs
  3 hogs (Elf:1)
  2 mottled dragons
  4 hungry ghosts
  11 vampire mosquitoes
  4 wargs
  12 water moccasins
  9 soldier ants (Lair:5)
  4 phantoms
  62 orc warriors
  4 sky beasts
  An eye of draining (D:11)
  17 porcupines
  3 black bears
  13 ice beasts
  4 necrophages
  5 boggarts (Vaults:2)
  11 crocodiles
  12 ogres
  20 centaurs
  A big kobold (D:9)
  A brain worm (D:14)
  19 giant frogs
  A wyvern zombie (D:13)
  A gnoll sergeant (D:9)
  6 scorpions
  11 wights
  28 killer bees
  An electric eel (Lair:7)
  A giant frog zombie (D:11)
  A human simulacrum (Vaults:3)
  7 crimson imps
  4 giant frog skeletons
  6 iguanas
  4 jellies
  A quasit (D:13)
  12 centaur skeletons
  40 orc priests
  10 hounds
  39 orc wizards
  Natasha (thrice) (D:3)
  4 hell rats
  43 worker ants
  26 sheep
  2 hound zombies
  68 river rats
  15 adders
  11 gnolls
  7 shadow imps
  An ooze (D:6)
  2 adder skeletons (D:9)
  2 worms
  3 giant geckos
  251 orcs
  21 bats
  3 bat skeletons
  3 giant cockroaches
  29 hobgoblins
  8 jackals
  38 kobolds
  3 quokkas
  3 ball pythons
  A giant gecko skeleton (D:4)
  6 giant newts
  2 giant spores
  26 goblins
  A jackal skeleton (D:5)
  20 rats
  15 ballistomycetes
  7 crawling corpses
  4 fungi
  17 plants
  4 tentacles (Shoals:4)
1842 creatures vanquished.

Vanquished Creatures (collateral kills)
  2 dire elephants
  An ugly thing (D:15)
  2 deep elf conjurers (Elf:1)
  A centaur skeleton (D:15)
  A snapping turtle (Shoals:1)
  A trapdoor spider (Vaults:2)
  A redback (Vaults:2)
  A deep elf mage (Elf:1)
  A jelly (D:15)
  A worm (shapeshifter) (D:15)
12 creatures vanquished.

Vanquished Creatures (others)
  2 deep elf knights (Elf:1)
  27 drowned souls (Shoals:1)
  3 fire elementals
  5 redbacks
  10 trapdoor spiders
  A deep elf mage (Elf:2)
  6 chimeras
  A human (Elf:1)
  A spider (D:15)
  An orc warrior (D:13)
  2 lost souls
  An orc (Orc:1)
  2 giant spores
  11 fungi
  18 plants
  7 tentacles (Shoals:4)
  109 tentacle segments (Shoals:4)
207 creatures vanquished.

Grand Total: 2061 creatures vanquished

Notes
Turn   | Place    | Note
--------------------------------------------------------------
     0 | D:1      | namelastname112, the Draconian Wizard, began the quest for the Orb.
     0 | D:1      | Reached XP level 1. HP: 14/14 MP: 4/4
   543 | D:1      | Reached XP level 2. HP: 20/20 MP: 0/6
   994 | D:2      | Reached XP level 3. HP: 24/26 MP: 1/8
  1643 | D:3      | Reached XP level 4. HP: 25/33 MP: 1/9
  1681 | D:3      | Found an iron altar of Okawaru.
  1765 | D:3      | Reached skill level 4 in Spellcasting
  1814 | D:3      | Noticed Natasha
  1820 | D:3      | Killed Natasha
  1850 | D:3      | Noticed Natasha
  1860 | D:3      | Killed Natasha
  1872 | D:3      | Noticed Natasha
  1874 | D:3      | Killed Natasha
  2079 | D:3      | Reached XP level 5. HP: 34/38 MP: 8/11
  2527 | D:4      | Noticed an ogre
  2537 | D:4      | Killed an ogre
  2537 | D:4      | Reached XP level 6. HP: 45/45 MP: 6/13
  2566 | D:4      | Reached skill level 5 in Spellcasting
  2938 | D:4      | Got a brightly glowing shield
  3076 | D:4      | Noticed ImmaFairy's ghost (average FoFi)
  3113 | D:5      | Entered Level 5 of the Dungeon
  3386 | D:5      | Reached skill level 5 in Conjurations
  3562 | D:6      | Your scales start taking on a dull iron-grey colour.
  3562 | D:6      | Gained mutation: You can survive without breathing. [Grey Draconian growth]
  3562 | D:6      | Reached XP level 7. HP: 27/50 MP: 15/15
  3589 | D:5      | Reached skill level 6 in Spellcasting
  3818 | D:5      | Noticed a centaur skeleton
  3829 | D:5      | Killed a centaur skeleton
  3862 | D:5      | Reached XP level 8. HP: 50/57 MP: 9/18
  4134 | D:5      | Gained mutation: Your muscles are strong. (Str +2) [potion of beneficial mutation]
  4394 | D:4      | Reached skill level 7 in Spellcasting
  4475 | D:4      | Learned a level 3 spell: Conjure Flame
  4522 | D:4      | Killed ImmaFairy's ghost
  5109 | D:6      | HP: 2/57 [poisoned by an orc wizard]
  5116 | D:6      | HP: 1/57 [poisoned by an orc wizard]
  5124 | D:6      | HP: 1/57 [poisoned by an orc wizard]
  5556 | D:6      | Found a staircase to the Ecumenical Temple.
  5571 | Temple   | Entered the Ecumenical Temple
  5579 | Temple   | Became a worshipper of Vehumet
  5648 | D:6      | Got a warped mace
  5649 | D:6      | Identified the +3 mace "Bulein" {crush, rF+ MP+9 Str+5 Int-3} (You found it on level 6 of the Dungeon)
  5663 | D:6      | Reached skill level 8 in Conjurations
  6193 | D:7      | Reached XP level 9. HP: 60/62 MP: 12/21
  6330 | D:7      | Found an opulent altar of Gozag.
  6581 | D:7      | Acquired Vehumet's first power
  6581 | D:7      | Offered knowledge of Flame Tongue by Vehumet.
  6894 | D:7      | Reached skill level 9 in Conjurations
  7567 | D:7      | Found a shadowy altar of Dithmenos.
  7748 | D:7      | Offered knowledge of Sandblast by Vehumet.
  7764 | D:7      | Learned a level 1 spell: Sandblast
  8055 | D:8      | Reached skill level 1 in Earth Magic
  8416 | D:8      | Found a shattered altar of Ashenzari.
  8598 | D:8      | Reached skill level 10 in Conjurations
  8715 | D:8      | Found a white marble altar of Elyvilon.
  8824 | D:8      | Found a staircase to the Lair.
  8891 | D:8      | Reached XP level 10. HP: 57/69 MP: 18/23
  8916 | D:8      | Found a blossoming altar of Fedhas.
  9070 | D:9      | Offered knowledge of Dazzling Spray by Vehumet.
  9083 | D:9      | Learned a level 3 spell: Dazzling Spray
  9685 | D:9      | Found a burning altar of Makhleb.
  9912 | D:9      | Acquired Vehumet's second power
  9912 | D:9      | Reached skill level 10 in Spellcasting
 10301 | D:10     | Entered Level 10 of the Dungeon
 10666 | D:10     | Offered knowledge of Sticky Flame by Vehumet.
 10743 | D:10     | Learned a level 4 spell: Sticky Flame
 10815 | D:10     | Found a staircase to the Orcish Mines.
 10863 | D:10     | Reached skill level 5 in Earth Magic
 11044 | D:10     | Noticed Erolcha
 11061 | D:10     | Killed Erolcha
 11195 | D:10     | Reached skill level 11 in Conjurations
 11581 | D:10     | Acquired Vehumet's third power
 11817 | Lair:1   | Entered Level 1 of the Lair of Beasts
 11829 | Lair:1   | Reached XP level 11. HP: 67/74 MP: 6/25
 11952 | Lair:1   | Offered knowledge of Throw Icicle by Vehumet.
 12454 | Lair:1   | Noticed Fannar
 12585 | Lair:1   | Noticed Gastronok
 12601 | Lair:1   | Killed Gastronok
 12667 | Lair:1   | Learned a level 2 spell: Blink
 13001 | Lair:1   | Killed Fannar
 13001 | Lair:1   | Reached skill level 12 in Conjurations
 13567 | Lair:1   | Reached skill level 1 in Fighting
 13668 | Lair:1   | Noticed a seven-headed hydra
 13674 | Lair:1   | Killed a seven-headed hydra
 13998 | Lair:1   | Learned a level 2 spell: Repel Missiles
 14010 | Lair:1   | Identified the +1 shield of Crawling {Contam +Blink Dex+4} (You found it on level 4 of the Dungeon)
 14015 | Lair:1   | Gained mutation: Your muscles are very strong. (Str +4) [potion of mutation]
 14015 | Lair:1   | Gained mutation: You have a pair of small horns on your head. [potion of mutation]
 14015 | Lair:1   | Gained mutation: You are occasionally teleported to nearby monsters. [potion of mutation]
 14246 | Lair:2   | Got an iridescent dagger
 14248 | Lair:2   | Identified the +2 dagger "Roelipta" {pierce, MP+9} (You found it on level 2 of the Lair of Beasts)
 14279 | Lair:2   | Reached XP level 12. HP: 57/88 MP: 27/27
 14671 | Lair:2   | Reached skill level 10 in Earth Magic
 14857 | Lair:2   | Offered knowledge of Iskenderun's Mystic Blast by Vehumet.
 14901 | Lair:2   | Learned a level 4 spell: Iskenderun's Mystic Blast
 15439 | Lair:3   | Reached skill level 5 in Fighting
 15908 | Lair:3   | Reached skill level 5 in Dodging
 17745 | Lair:4   | Noticed Josephine
 17753 | Lair:4   | Killed Josephine
 18043 | Lair:5   | Found a hole to the Spider Nest.
 18078 | Lair:5   | Reached XP level 13. HP: 88/105 MP: 28/28
 18785 | Lair:5   | Offered knowledge of Lightning Bolt by Vehumet.
 19569 | Lair:6   | Found a staircase to the Shoals.
 19779 | Lair:6   | Found a runed door.
 19779 | Lair:6   | Found a viscous altar of Jiyva.
 19779 | Lair:6   | Noticed an acid blob
 19785 | Lair:6   | Found a staircase to the Slime Pits.
 20455 | Lair:7   | Reached skill level 13 in Earth Magic
 20957 | Lair:7   | Reached skill level 1 in Evocations
 21113 | Lair:7   | Found a blossoming altar of Fedhas.
 21386 | Lair:7   | Offered knowledge of Bolt of Draining by Vehumet.
 21437 | Lair:8   | Entered Level 8 of the Lair of Beasts
 22152 | Lair:8   | Reached skill level 10 in Fighting
 22280 | Lair:8   | Reached XP level 14. HP: 91/121 MP: 29/29
 22944 | Lair:8   | Noticed a dire elephant
 22961 | Lair:8   | Reached skill level 5 in Evocations
 23235 | Lair:8   | Offered knowledge of Freezing Cloud by Vehumet.
 23253 | Lair:8   | Killed a dire elephant
 24374 | Orc:1    | Entered Level 1 of the Orcish Mines
 24426 | Orc:1    | Found a flagged portal.
 24443 | Bailey   | Entered a bailey
 24673 | Bailey   | Reached skill level 1 in Shields
 24915 | Orc:1    | Reached skill level 1 in Charms
 25839 | Orc:2    | Found a roughly hewn altar of Beogh.
 26396 | Orc:3    | Found a staircase to the Elven Halls.
 26404 | Orc:3    | Offered knowledge of Ozocubu's Refrigeration by Vehumet.
 26447 | Orc:3    | Found Atohokh's Weapon Emporium.
 26975 | Orc:4    | Entered Level 4 of the Orcish Mines
 27059 | Orc:4    | Noticed an orc warlord
 27076 | Orc:4    | Killed an orc warlord
 27379 | Orc:4    | Found a roughly hewn altar of Beogh.
 27478 | Orc:4    | Found a roughly hewn altar of Beogh.
 27482 | Orc:4    | Found Afin's Antique Armour Shoppe.
 27491 | Orc:4    | Bought a pair of gloves for 108 gold pieces
 27674 | Orc:4    | Found a roughly hewn altar of Beogh.
 27753 | Orc:4    | Found a roughly hewn altar of Beogh.
 27762 | Orc:4    | Found Tohaq's Weapon Emporium.
 28255 | Orc:4    | Found a roughly hewn altar of Beogh.
 28309 | Orc:4    | Found a roughly hewn altar of Beogh.
 28333 | Orc:4    | Offered knowledge of Bolt of Fire by Vehumet.
 28789 | Orc:4    | Noticed an orc warlord
 28815 | Orc:4    | Killed an orc warlord
 28945 | Orc:4    | Found Kuboxkai's Antique Armour Shoppe.
 28946 | Orc:4    | Found a roughly hewn altar of Beogh.
 28949 | Orc:4    | Found Dah Ceho's Antique Weapon Emporium.
 29542 | D:11     | Reached skill level 5 in Shields
 30197 | D:11     | Offered knowledge of Conjure Ball Lightning by Vehumet.
 30554 | D:11     | Reached skill level 5 in Charms
 30746 | D:11     | Reached XP level 15. HP: 123/126 MP: 30/30
 31014 | D:12     | Found an ancient bone altar of Kikubaaqudgha.
 31609 | D:12     | Noticed Sonja
 31617 | D:12     | Killed Sonja
 32480 | D:13     | Offered knowledge of Glaciate by Vehumet.
 32480 | D:13     | Offered knowledge of Shatter by Vehumet.
 32480 | D:13     | Offered knowledge of Chain Lightning by Vehumet.
 32656 | D:13     | Found a gate to the Vaults.
 33702 | D:14     | Found a frozen archway.
 33711 | IceCv    | Entered an ice cave
 34359 | D:14     | Noticed Frances
 34370 | D:14     | Killed Frances
 34676 | D:15     | Entered Level 15 of the Dungeon
 34803 | D:14     | Reached skill level 10 in Evocations
 35017 | D:15     | Noticed Louise
 35656 | D:15     | Killed Louise
 36470 | D:15     | Reached XP level 16. HP: 128/134 MP: 26/31
 36948 | D:15     | Found a staircase to the Depths.
 37598 | Elf:1    | Entered Level 1 of the Elven Halls
 38506 | Elf:1    | Noticed Kirke
 38518 | Elf:1    | Killed Kirke
 38543 | Elf:1    | Reached skill level 10 in Shields
 38832 | Elf:1    | Found Wunutuch's Assorted Antiques.
 38836 | Elf:1    | Bought a scroll of identify for 68 gold pieces
 38836 | Elf:1    | Bought a scroll of identify for 68 gold pieces
 38836 | Elf:1    | Bought a scroll of identify for 68 gold pieces
 38836 | Elf:1    | Bought a bubbling clear potion for 30 gold pieces
 39032 | Elf:2    | Noticed Asterion
 39784 | Elf:2    | Noticed an Ice Fiend
 39991 | Elf:2    | Killed Asterion
 40595 | Elf:2    | Found a runed gate.
 40595 | Elf:2    | Found a runed gate.
 40595 | Elf:2    | Found a runed gate.
 40625 | Elf:3    | Entered Level 3 of the Elven Halls
 40650 | Elf:2    | Reached skill level 10 in Charms
 40677 | Elf:1    | Lost mutation: You are occasionally teleported to nearby monsters. [potion of cure mutation]
 40677 | Elf:1    | Lost mutation: Your muscles are very strong. (Str +4) [potion of cure mutation]
 40677 | Elf:1    | Lost mutation: You have a pair of small horns on your head. [potion of cure mutation]
 40677 | Elf:1    | Lost mutation: Your muscles are strong. (Str +2) [potion of cure mutation]
 40685 | Elf:1    | Learned a level 6 spell: Freezing Cloud
 40941 | Elf:3    | Reached skill level 1 in Ice Magic
 40987 | Elf:3    | Noticed Saint Roka
 41143 | Elf:2    | Upgraded the game from 0.17-a0-945-g601bd79 to 0.17-a0-957-ga3519be
 41664 | Shoals:1 | Entered Level 1 of the Shoals
 42629 | Shoals:1 | Noticed Aizul
 42822 | Shoals:1 | Killed Aizul
 43107 | Shoals:1 | Reached XP level 17. HP: 140/140 MP: 30/33
 44246 | Shoals:1 | Reached skill level 5 in Ice Magic
 46449 | Lair:1   | Learned a level 6 spell: Ozocubu's Refrigeration
 46456 | Lair:1   | Learned a level 6 spell: Haste
 46669 | Shoals:3 | Noticed Jorgrun
 46681 | Shoals:3 | Noticed Polyphemus
 46707 | Shoals:3 | Killed Jorgrun
 47214 | Shoals:3 | Killed Polyphemus
 47418 | Shoals:3 | Noticed Donald
 47423 | Shoals:3 | Killed Donald
 47472 | Shoals:3 | Got a smoking shield
 47675 | Shoals:3 | Identified the cursed -4 shield of Dulafus {rN+ rCorr} (You took it off Donald on level 3 of the Shoals)
 48195 | Shoals:4 | Entered Level 4 of the Shoals
 48402 | Shoals:4 | Reached skill level 14 in Spellcasting
 48404 | Shoals:4 | Reached XP level 18. HP: 107/147 MP: 36/36
 48450 | Shoals:4 | Got a barnacled rune of Zot
 49059 | Shoals:4 | Reached skill level 10 in Ice Magic
 49490 | Shoals:4 | Noticed Ilsuiw
 50909 | Shoals:4 | Killed Ilsuiw
 52310 | Elf:3    | Killed Saint Roka
 52310 | Elf:3    | Reached skill level 15 in Spellcasting
 52602 | Elf:3    | Got a pitted war axe
 52613 | Elf:3    | Noticed 4thArraOfDagon's ghost (powerful HOAs)
 52623 | Elf:3    | Killed 4thArraOfDagon's ghost
 53103 | Elf:3    | Noticed a deep elf blademaster
 53108 | Elf:3    | Killed a deep elf blademaster
 53276 | Elf:3    | Got a pitted sapphire amulet
 53278 | Elf:3    | Got a smoking bone ring
 53514 | Elf:3    | Reached XP level 19. HP: 154/154 MP: 37/38
 53516 | Elf:3    | Got a wavering bone ring
 53519 | Elf:3    | Got a crude halberd {elec}
 53600 | Elf:3    | Noticed a deep elf blademaster
 53611 | Elf:3    | Killed a deep elf blademaster
 53796 | Elf:3    | Noticed a deep elf master archer
 53808 | Elf:3    | Killed a deep elf master archer
 53982 | Elf:3    | Learned a level 4 spell: Petrify
 53989 | Elf:3    | Learned a level 1 spell: Apportation
 54024 | Elf:3    | Identified the +3 war axe of Cowardice {chop, MP+9 SInv} (You took it off a deep elf demonologist on level 3 of the Elven Halls)
 54030 | Elf:3    | Identified the cursed +0 halberd of Conflict {elec, rElec rN+} (You took it off a deep elf annihilator on level 3 of the Elven Halls)
 54099 | Elf:3    | Identified the amulet of Lemiw {rMut rElec Str+2 Dex-4 SInv} (You took it off a deep elf blademaster on level 3 of the Elven Halls)
 54101 | Elf:3    | Identified the ring of the Moon {SustAb Str+3 Int+5} (You took it off a deep elf death mage on level 3 of the Elven Halls)
 54103 | Elf:3    | Identified the ring of Hard Scrabble {+Fly rF+ rC+ MR+} (You took it off a deep elf conjurer on level 3 of the Elven Halls)
 54240 | Elf:3    | Got a steaming ivory amulet
 54270 | Elf:3    | Noticed Wiglaf
 54277 | Elf:3    | Killed Wiglaf
 54334 | Elf:3    | Identified the amulet of Ylessoax {rMut Dex+5} (You took it off a deep elf sorcerer on level 3 of the Elven Halls)
 54678 | Elf:3    | Noticed a deep elf master archer
 54678 | Elf:3    | Reached skill level 16 in Spellcasting
 54682 | Elf:3    | Killed a deep elf master archer
 55042 | Vaults:1 | Entered Level 1 of the Vaults
 55109 | Vaults:1 | Gained mutation: You are robust (+10% HP). [potion of beneficial mutation]
 55479 | Vaults:1 | Reached skill level 10 in Dodging
 55722 | Vaults:1 | Found Umap Es Mav's Antique Armour Emporium.
 55730 | Vaults:1 | Bought an embroidered cloak for 157 gold pieces
 57235 | Vaults:2 | Found Qicyrch's Weapon Shop.
 59523 | Vaults:2 | Reached XP level 20. HP: 182/182 MP: 40/40
 59648 | Vaults:2 | Noticed Mennas
 61647 | Vaults:3 | Shot with a poisoned bolt by a yaktaur captain

Action                   |  1- 3 |  4- 6 |  7- 9 | 10-12 | 13-15 | 16-18 | 19-21 || total
-------------------------+-------+-------+-------+-------+-------+-------+-------++-------
Melee: Unarmed           |     2 |       |    25 |       |       |       |       ||    27
       Short sword       |    39 |    96 |   214 |   168 |       |       |       ||   517
       Dagger            |       |       |       |   269 |   742 |   243 |       ||  1254
       Staff             |       |       |       |       |       |       |     9 ||     9
 Cast: Magic Dart        |    79 |    82 |   366 |   265 |    12 |     4 |     3 ||   811
       Conjure Flame     |       |       |     8 |    29 |    26 |     6 |       ||    69
       Dazzling Spray    |       |       |       |    74 |     4 |       |       ||    78
       Sticky Flame      |       |       |       |    70 |    92 |    35 |     5 ||   202
       Repel Missiles    |       |       |       |     1 |     7 |     6 |       ||    14
       Iskenderun's Myst |       |       |       |    90 |   944 |  1086 |   478 ||  2598
       Blink             |       |       |       |       |    17 |     8 |     3 ||    28
       Freezing Cloud    |       |       |       |       |       |    36 |    40 ||    76
       Ozocubu's Refrige |       |       |       |       |       |    29 |    10 ||    39
       Haste             |       |       |       |       |       |     4 |     6 ||    10
Evoke: Wand              |       |       |       |       |     5 |    22 |     8 ||    35
       Sack of spiders   |       |       |       |       |     3 |     4 |     5 ||    12
       Rod               |       |       |       |       |     2 |     2 |     5 ||     9
       Box of beasts     |       |       |       |       |       |    12 |     2 ||    14
       Lamp of fire      |       |       |       |       |       |     1 |     1 ||     2
       Disc of storms    |       |       |       |       |       |       |    19 ||    19
       Fan of gales      |       |       |       |       |       |       |     1 ||     1
  Use: Potion            |       |       |     5 |     2 |     2 |    12 |     1 ||    22
       Scroll            |       |       |     9 |    11 |     9 |    25 |     3 ||    57
 Stab: Sleeping          |       |     2 |       |     3 |     1 |       |       ||     6
       Invisible         |       |       |       |     2 |       |       |       ||     2
       Distracted        |       |       |       |       |     1 |     4 |       ||     5
  Eat: Chunk             |     2 |     4 |    12 |    25 |    38 |    28 |     6 ||   115
       Royal jelly       |       |     1 |     1 |     2 |     2 |    10 |     3 ||    19
       Beef jerky        |       |       |     1 |     1 |     6 |     1 |       ||     9
       Pizza             |       |       |     1 |     1 |     1 |     1 |       ||     4
       Fruit             |       |       |       |     2 |     2 |     3 |       ||     7
       Meat ration       |       |       |       |       |     4 |     5 |     3 ||    12
       Bread ration      |       |       |       |       |       |     1 |     1 ||     2
